 Dungeon Crawl Stone Soup version 0.30.2 (webtiles) character file.

Game seed: 5191160126991225419

6 porpoise the Vexing (level 1, -6/12 HPs)
             Began as a Deep Elf Hexslinger on Feb 25, 2024.
             Mangled by a gnoll
             ... wielding a +0 flail
              (9 damage)
             ... on level 1 of the Dungeon.
             The game lasted 00:01:03 (122 turns).

porpoise the Vexing (Deep Elf Hexslinger)            Turns: 122, Time: 00:01:04

Health: -6/12      AC:  2    Str:  7    XL:     1   Next: 75%
Magic:  5/5        EV: 12    Int: 17    God:
Gold:   12         SH:  0    Dex: 15    Spells: 2/3 levels left

rFire   . . .        a - +1 sling
rCold   . . .        (no shield)
rNeg    . . .        c - +0 robe
rPois   .            (no helmet)
rElec   .            (no cloak)
rCorr   .            (no gloves)
SInv    .            (no boots)
Will    .....        (no amulet)
Stlth   ++           (no ring)
HPRegen 0.22/turn    (no ring)
MPRegen 0.09/turn

%: no passive effects
@: no status effects
A: no striking features
a: no special abilities


You were on level 1 of the Dungeon.
You visited 1 branch of the dungeon, and saw 1 of its levels.

You collected 12 gold pieces.

Inventory:

Hand Weapons
 a - a +1 sling (weapon)
Armour
 c - a +0 robe (worn)
Scrolls
 b - a scroll of poison
 d - 2 scrolls of teleportation {unknown}


   Skills:
 * Level 1.0 Fighting
 * Level 3.0 Ranged Weapons
 - Level 2.4 Dodging
 + Level 0.4 Stealth
 + Level 1.6 Spellcasting
 + Level 4.1 Hexes


You had 2 spell levels left.
You knew the following spells:

 Your Spells              Type           Power      Damage    Failure   Level
a - Slow                  Hex            60%        N/A       3%          1

Your spell library contained the following spells:

 Spells                   Type           Power      Damage    Failure   Level
 Inner Flame              Hex/Fire       8%         N/A       26%         3
 Portal Projectile        Hex/Tloc       16%        N/A       26%         3
 Cause Fear               Hex            7%         N/A       36%         4


Dungeon Overview and Level Annotations

Branches:
Dungeon (1/15)

Altars:


Message History

You shoot a sling bullet. The sling bullet hits the quokka.
The quokka is heavily wounded.
The quokka misses you.
You shoot a sling bullet. The sling bullet misses the quokka.
The quokka bites you but does no damage.
You shoot a sling bullet. The sling bullet hits the quokka!
You kill the quokka!
Your Fighting skill increases to level 1!
No target in view!
d - 2 scrolls labelled KUNAAF YTOY A hobgoblin comes into view.
The hobgoblin shouts!
You hear a shout!
A gnoll comes into view. It is wielding a +0 flail.
You shoot a sling bullet. The sling bullet hits the hobgoblin.
The hobgoblin is almost dead.
You shoot a sling bullet. The sling bullet hits the hobgoblin.
You kill the hobgoblin!
Your Ranged Weapons skill increases to level 3!
You shoot a sling bullet. The sling bullet hits the gnoll.
The gnoll is lightly wounded.
The gnoll hits you with a +0 flail!
Ouch! That really hurt!
* * * LOW HITPOINT WARNING * * *
You are too injured to fight recklessly!
You are too injured to fight recklessly!
You are now empty-handed.
The gnoll closely misses you.
You hit the gnoll but do no damage. The gnoll closely misses you.
Okay, then.
a - a +1 sling (weapon)
You shoot a sling bullet.
The sling bullet completely misses the gnoll.
The gnoll completely misses you.
You shoot a sling bullet.
The sling bullet hits the gnoll but does no damage.
The gnoll barely misses you. x2
You shoot a sling bullet.
The sling bullet barely misses the gnoll.
The gnoll hits you with a +0 flail!
Ouch! That really hurt!
You die...

######## ###
#.#......###..
#..g@.....##.#
#...####..##.# #...
#..##.# .....
#..##.#######.
.....#.####..##.#.......
###.....................
##.#.#####.##.########
#.#.# #.##.# .## #.#
#.#.# #.##.#


You could see a gnoll.

Vanquished Creatures
  An endoplasm (D:1)
  A goblin (D:1)
  A hobgoblin (D:1)
  A quokka (D:1)
  A ball python (D:1)
5 creatures vanquished.

Notes
Turn   | Place    | Note
-------+----------+-------------------------------------------
     0 | D:1      | porpoise the Deep Elf Hexslinger began the quest for the
                  | Orb.
     0 | D:1      | Reached XP level 1. HP: 11/11 MP: 5/5
    95 | D:1      | Reached skill level 1 in Fighting
   122 | D:1      | Mangled by a gnoll

Illustrated notes

Levels and vault maps discovered:
D:1:      nicolae_arrival_memento_mori, layout_loops_ring, minmay_misc_feat_iff

Skill      XL: |  1 |
---------------+----+-----
Fighting       | 1 |  1.0
Ranged Weapons | 3 |  3.0
Dodging        | |  2.4
Stealth        | |  0.4
Spellcasting   | |  1.6
Hexes          | |  4.1

Action                     || total
---------------------------++-------
  Melee: Unarmed           ||     1
   Fire: Sling             ||    23
 Armour: Robe              ||     2
  Dodge: Dodged            ||     9
